 Dungeon Crawl Stone Soup version 0.25-a0-860-gf695395b5c (webtiles) character file.

Game seed: 18204744523160911503, levelgen mode: deterministic

111 Geomchi the Shield-Bearer (level 5, -8/42 HPs)
             Began as a Formicid Fighter on Apr 28, 2020.
             Mangled by an earth elemental (20 damage)
             ... on level 2 of the Dungeon.
             The game lasted 00:03:12 (2498 turns).

Geomchi the Shield-Bearer (Formicid Fighter)        Turns: 2498, Time: 00:03:13

Health: -8/42      AC: 11    Str: 21    XL:     5   Next: 15%
Magic:  3/5        EV:  2    Int:  7    God:
Gold:   71         SH:  0    Dex: 11    Spells: 4/4 levels left

rFire    . . .     SeeInvis +   a - +0 war axe
rCold    . . .     Gourm    .   c - +0 kite shield
rNeg     . . .     Faith    .   q - +0 plate armour
rPois    .         Spirit   .   (helmet unavailable)
rElec    .         Reflect  .   (no cloak)
rCorr    .         Harm     .   (no gloves)
MR       .....                  (no boots)
Stlth    ..........             (no amulet)
HPRegen  0.14/turn              (no ring)
MPRegen  0.09/turn              (no ring)

@: petrifying, very slow
A: permanent stasis, dig shafts and tunnels, four strong arms, antennae 3
a: Dig, Shaft Self


You were on level 2 of the Dungeon.
You were hungry.

You visited 1 branch of the dungeon, and saw 2 of its levels.
You visited the Abyss 1 time.

You collected 71 gold pieces.

Inventory:

Hand Weapons
 a - a +0 war axe (weapon)
Armour
 b - a +0 scale mail
 c - a +0 kite shield (worn)
 q - a +0 plate armour (worn)
Jewellery
 j - a cursed -3 ring of evasion {unknown}
 u - an uncursed ring of protection from cold
Scrolls
 i - 4 scrolls of remove curse
 k - a scroll of teleportation
 l - 3 scrolls of identify {unknown}
 m - a scroll of amnesia {unknown}
 s - a scroll of enchant armour {unknown}
Potions
 d - a potion of might
 g - 2 potions of haste
 n - a potion of stabbing {unknown}
 o - a potion of resistance {unknown}
 p - a potion of curing
 r - a potion of lignification {unknown}
 v - a potion of brilliance {unknown}
Comestibles
 f - 6 rations


   Skills:
 + Level 4.2 Fighting
 + Level 3.0 Axes
 + Level 3.7 Armour
 + Level 4.6 Shields


You had 4 spell levels left.
You didn't know any spells.
Your spell library was empty.

Dungeon Overview and Level Annotations

Branches:
Dungeon (2/15)

Altars:

Annotations:
D:2 Crazy Yiuf


Innate Abilities, Weirdness & Mutations

You cannot be hasted, slowed, berserked, paralysed or teleported.
You can dig through walls and to a lower floor.
Your four strong arms can wield two-handed weapons with a shield.
You have a pair of large antennae on your head. (SInv)


Message History

You feel a strange sense of stasis.
It was a scroll of teleportation.
Crazy Yiuf hits you with a +2 quarterstaff of chaos.
* * * LOW HITPOINT WARNING * * *
You feel your power leaking away. The earth elemental barely misses you.
You take 3 damage, and have 5/42 hp.
You now have 3/5 mp.
Okay, then.
It was a potion of haste.
Your stasis prevents you from being hasted.
You block Crazy Yiuf's attack.
It was a potion of curing.
You feel better. You block the earth elemental's attack.
Crazy Yiuf hits you but does no damage.
You are slowing down.
You regained 6 hp, and now have 11/42 hp.
You hit Crazy Yiuf.
Flame seeps out of Crazy Yiuf.
Your shield and plate armour prevent you from hitting the earth elemental.
Crazy Yiuf is engulfed in blazing flames.
Flame seeps out of Crazy Yiuf.
Crazy Yiuf hits you but does no damage. The earth elemental hits you!!
You die...

#.# #...#
#.#....######## #.#
#...# #.#............
#.# #...#
#.#..#.######## #.#
##### ######.# #.# ###
#.#####
#.###.####♣♣♣♣♣
#.....####
#.##.#.#.#..♣.♣♣♣ ###
#####....#
#...###......♣.g♣#.).#
#.....
##.#.#....).♣♣♣♣@EW).#
#....# #.......)#.♣♣
♣♣#..)# #.#.##
#.#.....##♣♣ ###
#####..... #.....>##
#(......## #####.##
#####..## #.####
###########..# #..#.#
######............#
##.#.#
#.........#######.###
#...# #.#########
##...#


You could see an earth elemental, a freezing wraith (inner flame) and Crazy Yiuf
(inner flame).

Vanquished Creatures
  5 adders (D:2)
  2 oozes
  2 worms (D:2)
  A dart slug (D:1)
  A leopard gecko (D:2)
  A ball python (D:1)
  6 giant cockroaches
  5 goblins
  6 hobgoblins
  4 jackals (D:1)
  5 kobolds
  3 bats (D:1)
  3 frilled lizards
  5 rats
49 creatures vanquished.

Notes
Turn   | Place    | Note
-------+----------+-------------------------------------------
     0 | D:1      | Geomchi the Formicid Fighter began the quest for the Orb.
     0 | D:1      | Reached XP level 1. HP: 18/18 MP: 1/1
    83 | D:1      | Reached XP level 2. HP: 19/24 MP: 2/2
   490 | D:1      | Reached XP level 3. HP: 25/30 MP: 3/3
  1416 | D:2      | Reached XP level 4. HP: 30/37 MP: 4/4
  2164 | D:2      | Reached XP level 5. HP: 42/42 MP: 5/5
  2188 | D:2      | Found a runed translucent door.
  2189 | D:2      | Noticed Crazy Yiuf
  2420 | D:2      | Cast into level 1 of the Abyss (Crazy Yiuf)
  2462 | Abyss:1  | Noticed a starcursed mass
  2474 | Abyss:1  | Noticed a small abomination
  2475 | Abyss:1  | Noticed a shadow wraith
  2475 | Abyss:1  | Noticed a small abomination
  2485 | Abyss:1  | Noticed a freezing wraith
  2491 | D:2      | Escaped the Abyss
  2498 | D:2      | Mangled by an earth elemental

Levels and vault maps discovered:
D:1:      sevenhm_arrival_forest_fort_small_3, layout_basic
D:2:      layout_loops_ring, uniq_crazy_yiuf_cottage

Skill      XL: |  1  2  3  4 |
---------------+-------------+-----
Shields        | 4 |  4.6
Fighting       | 4 |  4.2
Axes           | 3 |  3.0
Armour         | |  3.7

Action                   |  1- 3 |  4- 6 || total
-------------------------+-------+-------++-------
Melee: War axe           |    97 |   129 ||   226
  Use: Scroll            |       |     4 ||     4
       Potion            |       |     2 ||     2
  Eat: Chunk             |     1 |     4 ||     5
Armor: Scale mail        |    36 |       ||    36
       Plate armour      |     9 |    96 ||   105
Dodge: Dodged            |    32 |    24 ||    56
Block: Kite shield       |    63 |    74 ||   137

Table legend:
 A = Non-vault XP
 B = Vault XP
 C = Vault XP percentage of total XP
 D = Non-vault monster count
 E = Vault monster count
 F = Vault count percentage of total count
                 A         B        C        D         E       F
            +---------+---------+-------+---------+---------+-------
      Total |     159 |       0 |   0.0 |      49 |       0 |   0.0
            +---------+---------+-------+---------+---------+-------
        D:1 |      51 |       0 |   0.0 |      26 |       0 |   0.0
        D:2 |     108 |       0 |   0.0 |      23 |       0 |   0.0
            +---------+---------+-------+---------+---------+-------
